Map: Romanticide LE

Players

MarcoMan - Winner!

  • Race: Protoss Protoss
  • League: Master
  • Spawn Location: 11:00

IIIIIIIIIIII

  • Race: Protoss Protoss
  • Spawn Location: 5:00

VOD

Have the link to the VOD?

Description

Time

  • Played on: Jan. 15, 2021, 11:17 p.m.
  • Length: 2:00
Show
View Real Time Build Order
Export as new Build Order

MarcoMan Protoss - Winner!

Build Orders:  

Get SALT Encoding   

  12  0:01  Probe  
  13  0:13  Probe  
  14  0:19  Pylon  
  14  0:25  Probe  
  15  0:37  Probe  
  15  0:39  Forge  
  16  1:00  Gateway  
  16  1:06  Pylon  
  15  1:25  Photon Cannon  
  15  1:29  Pylon  
  15  1:38  Probe  
  16  1:50  Gateway  
Show
View Real Time Build Order
Export as new Build Order

IIIIIIIIIIII Protoss 

Build Orders:  

Get SALT Encoding   

  12  0:09  Pylon  
  12  0:14  Probe  
  13  0:28  Gateway  
  13  0:42  Pylon  
  13  1:23  Cybernetics Core  
  13  1:29  Assimilator  
  13  1:32  Assimilator  
Tags
 
League
Master
Matchup
PvP
Replay Pack
Weekend
Spawn Locations
Cross Positions
Add a new tag
Caveats
  • Supply blocks, unpowered buildings, or Contaminate may cause inaccurate times.
  • Supply counts are checked every 10 seconds.